 Dungeon Crawl Stone Soup version 0.25.0-10-g039870ee82 (webtiles) character file.

Game seed: 4356118477485278179

361 Acheron the Chopper (level 6, -5/53 HPs)
             Began as a Minotaur Abyssal Knight on June 22, 2020.
             Was a Believer of Lugonu.
             Slain by an ice beast (11 damage)
             ... on level 7 of the Dungeon.
             The game lasted 00:11:51 (3173 turns).

Acheron the Chopper (Minotaur Abyssal Knight)       Turns: 3173, Time: 00:11:52

Health: -5/53      AC:  8    Str: 17    XL:     6   Next: 38%
Magic:  7/7        EV:  5    Int:  9    God:    Lugonu [**....]
Gold:   235        SH:  0    Dex: 11    Spells: 5/5 levels left

rFire    . . .     SeeInvis .   a - +1 hand axe
rCold    . . .     Gourm    .   (no shield)
rNeg     . . .     Faith    .   f - +0 scale mail
rPois    .         Spirit   .   (helmet restricted)
rElec    .         Reflect  .   (no cloak)
rCorr    .         Harm     .   m - +0 pair of gloves
MR       .....                  (no boots)
Stlth    ..........             (no amulet)
HPRegen  0.17/turn              (no ring)
MPRegen  0.10/turn              (no ring)

@: held
A: retaliatory headbutt, horns 2
a: Depart the Abyss, Bend Space, Renounce Religion


You were on level 7 of the Dungeon.
You worshipped Lugonu.
Lugonu was pleased with you.
You were not hungry.

You visited 1 branch of the dungeon, and saw 7 of its levels.
You visited the Abyss 1 time.

You collected 235 gold pieces.

Inventory:

Hand Weapons
 a - a +1 hand axe (weapon)
Missiles
 b - 4 poisoned darts
 k - 5 stones (quivered)
Armour
 f - a +0 scale mail (worn)
 m - a +0 pair of gloves (worn)
Scrolls
 d - 3 scrolls of teleportation
 l - a scroll of remove curse
Potions
 e - a potion of magic {unknown}
 g - a potion of cancellation {unknown}
 h - a potion of might {unknown}
 i - a potion of lignification
 j - a potion of stabbing
 n - 2 potions of brilliance
Comestibles
 c - 4 rations
 o - 3 chunks of flesh


   Skills:
 + Level 4.5 Fighting
 * Level 4.9 Axes
 * Level 4.5 Armour
 * Level 2.4 Dodging
 * Level 1.7 Stealth
 * Level 2.6 Invocations


You had 5 spell levels left.
You didn't know any spells.
Your spell library was empty.

Dungeon Overview and Level Annotations

Branches:
Dungeon (7/15)
 Temple: D:4-7

Altars:
Hepliaklqana
Makhleb
Zin

Annotations:
D:5 Pikel
D:7 Harold


Innate Abilities, Weirdness & Mutations

You reflexively headbutt those who attack you in melee.
You have a pair of horns on your head.


Message History

An ice beast comes into view.
The shadow imp shouts, "Fly, thou pox-marked pigeon-egg bovine!"
The leopard gecko bites you.
* * * LOW HITPOINT WARNING * * *
Harold throws a throwing net.
The throwing net hits you.
You become entangled in the net!
The leopard gecko bites you but does no damage.
You see here a throwing net.
You struggle against the net.
The leopard gecko bites you.
* * * LOW HITPOINT WARNING * * *
You struggle against the net.
The leopard gecko bites you but does no damage.
The ice beast barely misses you. You furiously retaliate!
You headbutt the ice beast.
You struggle against the net.
The leopard gecko bites you but does no damage.
The ice beast hits you.
* * * LOW HITPOINT WARNING * * *
The ice beast freezes you!
You die...

#.###.# #.###'##
#.###.###.# #.#
#.........# #l#
#.........###@##
##.##.5...##...##
#.#.5..........#
#.#@###..#....##
#.#.###..#.#.##
#.@l[....#.#.####
###Y###..........
#.# ####.#.####
#.# .#.# #.# .#.#
#.. .# ..^ ##
.... ....


You could see Harold, an ice beast, a crimson imp, a shadow imp and a leopard
gecko.

Vanquished Creatures
  A centaur (D:7)
  An ogre (D:7)
  A hound (D:7)
  A jelly (D:7)
  Jessica (D:3)
  2 worker ants
  An ooze (D:3)
  2 worms
  2 leopard geckos (D:2)
  An orc (D:3)
  5 bats
  5 giant cockroaches
  5 goblins
  4 hobgoblins
  9 jackals
  7 kobolds
  2 quokkas
  2 frilled lizards
  4 rats
56 creatures vanquished.

Notes
Turn   | Place    | Note
-------+----------+-------------------------------------------
     0 | Abyss:1  | Acheron the Minotaur Abyssal Knight began the quest for the
                  | Orb.
     0 | Abyss:1  | Reached XP level 1. HP: 19/19 MP: 1/1
    16 | D:1      | Escaped the Abyss
   393 | D:1      | Reached XP level 2. HP: 27/27 MP: 2/2
   546 | D:1      | You fall into a shaft and drop 1 floor!
   546 | D:2      | Found a faded altar of an unknown god.
   951 | D:2      | Reached XP level 3. HP: 33/33 MP: 3/3
  1049 | D:2      | Found a burning altar of Makhleb.
  1053 | D:2      | Found a glowing silver altar of Zin.
  1053 | D:2      | Noticed a balrug
  1053 | D:2      | Noticed an angel
  1175 | D:2      | Reached ** piety under Lugonu
  1205 | D:2      | Found a hazy altar of Hepliaklqana.
  1428 | D:3      | Noticed Jessica
  1437 | D:3      | Killed Jessica
  1437 | D:3      | Reached skill level 1 in Stealth
  1437 | D:3      | Reached XP level 4. HP: 12/40 MP: 4/4
  2059 | D:3      | You fall into a shaft and drop 1 floor!
  2065 | D:5      | Entered Level 5 of the Dungeon
  2065 | D:5      | Noticed Pikel
  2065 | D:5      | Noticed a slave
  2065 | D:5      | Noticed a slave
  2065 | D:5      | Noticed a slave
  2065 | D:5      | Noticed a slave
  2445 | D:7      | Noticed a centaur
  2454 | D:7      | Killed a centaur
  2454 | D:7      | Reached XP level 5. HP: 38/47 MP: 5/5
  2612 | D:7      | Noticed a hippogriff
  2994 | D:7      | Noticed an ogre
  3037 | D:7      | Reached XP level 6. HP: 42/53 MP: 6/6
  3123 | D:7      | Noticed Harold
  3133 | D:7      | Paralysed by Harold for 7 turns
  3156 | D:7      | Paralysed by Harold for 3 turns
  3167 | D:7      | Noticed an ice beast
  3173 | D:7      | Slain by an ice beast

Illustrated notes

Levels and vault maps discovered:
D:1:      saegor_arrival_simple_b, layout_loops_cross
D:2:      layout_loops_ring, grunt_temple_overflow_order_and_chaos_2,
          old_standard_altar, chequers_ecumenical_altar_simple_redux,
          minmay_pentomino_w4
D:3:      layout_loops_corners, first_ration, uniq_jessica
D:4:      layout_basic, minivault_14, uniq_sigmund, uniq_robin
D:5:      layout_rooms, lemuel_crystal_altar, grunt_temple_overflow_open,
          uniq_pikel
D:6:      layout_cave_pods, minmay_temple_entry_stoned_glass
D:7:      layout_loops_corners, uniq_menkaure, uniq_harold

Skill      XL: |  1  2  3  4  5 |
---------------+----------------+-----
Invocations    | 2 |  2.6
Fighting       | 4 |  4.5
Armour         | 3 4 |  4.5
Axes           | 3 4 |  4.9
Stealth        | 1 |  1.7
Dodging        | 2 |  2.4

Action                   |  1- 3 |  4- 6 || total
-------------------------+-------+-------++-------
Melee: Hand axe          |    77 |    73 ||   150
       Headbutt          |     7 |    11 ||    18
Invok: Bend Space        |       |     2 ||     2
  Use: Scroll            |     4 |     4 ||     8
  Eat: Chunk             |     2 |     3 ||     5
       Ration            |       |     1 ||     1
Armor: Leather armour    |     1 |       ||     1
       Scale mail        |    35 |    52 ||    87
Dodge: Dodged            |    47 |    45 ||    92
